[Event "Titled Tuesday Blitz May 03 Early 2022"]
[White "Priyanka, K"]
[Black "Camacho Collados, Jose"]
[WhiteFideId "5082986"]
[BlackFideId "2265427"]
[WhiteElo "1905"]
[BlackElo "2351"]
[Result "0-1"]
[Round "02"]
[TimeControl "180+1"]
[Date "2022.05.03"]
[WhiteClock "0:00:01"]
[BlackClock "0:00:24"]

1. e4 c5 2. Nf3 Nc6 3. d4 cxd4 4. Nxd4 e5 5. Nb5 d6 6. N1c3 a6 7. Na3 b5 8. Nd5 Nce7 9. c4 Nxd5 10. Qxd5 Be6 11. Qd3 b4 12. Nc2 a5 13. Ne3 Nf6 14. g3 Be7 15. Bg2 O-O 16. O-O a4 17. Bd2 Qb6 18. b3 Rfc8 19. Nc2 Nd7 20. Bxb4 Nc5 21. Bxc5 dxc5 22. Ne3 Rcb8 23. Rab1 axb3 24. axb3 Ra3 25. Nd5 Bxd5 26. exd5 Rxb3 27. Rxb3 Qxb3 28. Qxb3 Rxb3 29. Rd1 Bd6 30. Ra1 g6 31. Ra6 Bf8 32. d6 Rb1+ 33. Bf1 Rd1 34. Ra8 Kg7 35. Rd8 Bxd6 36. Kg2 e4 37. Be2 Rd2 38. Kf1 f5 39. Ke1 Rd4 40. Rd7+ Kh6 41. h3 f4 42. gxf4 Bxf4 43. Rxd4 cxd4 44. c5 Kg5 45. c6 d3 46. Bg4 h5 47. Bd7 Bc7 48. Kd1 Kf4 49. Ke1 g5 50. Be6 g4 51. hxg4 h4 52. g5 Kxg5 53. Kd2 Kf4 54. Bd7 Kf3 55. Bf5 Bf4+ 56. Kd1 h3 57. Bxh3 Kxf2 58. Bf5 Ke3 0-1


[Site "https://www.chess.com"]

[Event "Titled Tuesday Blitz May 03 Early 2022"]
[White "Ramirez Vido, Robert Yorisan"]
[Black "Mikhailovsky, Vladimir"]
[WhiteFideId "3513823"]
[BlackFideId "34105414"]
[WhiteElo "2285"]
[BlackElo "2349"]
[Result "0-1"]
[Round "02"]
[TimeControl "180+1"]
[Date "2022.05.03"]
[WhiteClock "0:01:56"]
[BlackClock "0:02:09"]

1. Nf3 d5 2. g3 Nd7 3. Bg2 e5 4. d3 Ngf6 5. O-O c6 6. e4 Bd6 7. exd5 cxd5 8. Re1 O-O 9. Nc3 h6 10. h3 Re8 11. a3 d4 12. Ne4 Nxe4 13. dxe4 Nc5 14. Bd2 Be6 15. Bb4 Qc7 16. Bxc5 Qxc5 17. Qd2 Rac8 18. Rac1 Red8 19. Nh4 Be7 20. Nf5 Bg5 21. f4 exf4 22. gxf4 d3+ 23. Kh1 dxc2 0-1


[Site "https://www.chess.com"]

[Event "Titled Tuesday Blitz May 03 Early 2022"]
[White "Rasulov, Vugar"]
[Black "Kozin, Yuri"]
[WhiteFideId "13402390"]
[BlackFideId "4129920"]
[WhiteElo "2560"]
[BlackElo "2602"]
[Result "1-0"]
[Round "02"]
[TimeControl "180+1"]
[Date "2022.05.03"]
[WhiteClock "0:01:14"]
[BlackClock "0:00:04"]

1. d4 d5 2. c4 c6 3. Nf3 Nf6 4. Nc3 dxc4 5. a4 Bf5 6. Ne5 e6 7. g3 Bb4 8. Bg2 Ne4 9. Bd2 Qxd4 10. Nxe4 Bxd2+ 11. Qxd2 Qxe5 12. Nd6+ Ke7 13. Nxc4 Qc5 14. Rc1 Rd8 15. Qg5+ Ke8 16. O-O Qf8 17. Na5 h6 18. Qf4 Qe7 19. e4 Bg6 20. e5 Kf8 21. b4 b6 22. Nxc6 Nxc6 23. Rxc6 b5 24. Rfc1 Rab8 25. a5 Kg8 26. h4 Rd7 27. Bf3 Rbd8 28. h5 Bf5 29. Rc8 Rxc8 30. Rxc8+ Rd8 31. Rc5 Qd7 32. Kg2 Bd3 33. Bc6 Qd4 34. Qxd4 Rxd4 35. Bf3 Rxb4 36. Rc8+ Kh7 37. Rc7 a6 38. Ra7 Be4 39. Rxa6 Bxf3+ 40. Kxf3 Ra4 41. Ke3 g6 42. Ra7 Kg7 43. hxg6 Kxg6 44. f4 Ra3+ 45. Ke4 Ra4+ 46. Kd3 h5 47. Ra8 Ra3+ 48. Kd4 Rxg3 49. Rg8+ 1-0


[Site "https://www.chess.com"]

[Event "Titled Tuesday Blitz May 03 Early 2022"]
[White "Redor, Menandro"]
[Black "Shuvalov, Evgenij"]
[WhiteFideId "5222010"]
[BlackFideId "4187237"]
[WhiteElo "1986"]
[BlackElo "2130"]
[Result "0-1"]
[Round "02"]
[TimeControl "180+1"]
[Date "2022.05.03"]
[WhiteClock "0:00:02"]
[BlackClock "0:00:27"]

1. e4 e6 2. d4 d5 3. exd5 exd5 4. Bd3 c5 5. Nf3 c4 6. Be2 Nf6 7. c3 Nc6 8. Bg5 Be7 9. Nbd2 O-O 10. O-O Bf5 11. a4 Re8 12. b3 cxb3 13. Qxb3 Na5 14. Qd1 Rc8 15. Bb5 Rf8 16. Nb3 Nc4 17. Bxc4 Rxc4 18. Re1 Rxc3 19. Nc5 b6 20. Qd2 Rc2 21. Qf4 Bg6 22. Nb3 Re8 23. a5 Ne4 24. Bxe7 Rxe7 25. axb6 axb6 26. Ne5 Rxf2 27. Qh4 Re8 28. Qxd8 Rxd8 29. Rxe4 Rxg2+ 30. Kxg2 Bxe4+ 31. Kf2 f6 32. Nc6 Re8 33. Ra7 h5 34. Re7 Rc8 35. Re6 Kf7 36. Re7+ Kg6 37. Rxe4 Rxc6 38. Re3 Rc2+ 39. Kg3 Kf5 40. h3 g5 41. Rd3 Ke4 42. Rf3 h4+ 43. Kg4 Rg2+ 44. Kh5 Kxf3 0-1


[Site "https://www.chess.com"]

[Event "Titled Tuesday Blitz May 03 Early 2022"]
[White "Reprintsev, Alexander"]
[Black "Thybo, Jesper Sondergaard"]
[WhiteFideId "14100541"]
[BlackFideId "1438832"]
[WhiteElo "2108"]
[BlackElo "2316"]
[Result "0-1"]
[Round "02"]
[TimeControl "180+1"]
[Date "2022.05.03"]
[WhiteClock "0:00:31"]
[BlackClock "0:00:08"]

1. e4 e5 2. f4 d6 3. Nc3 Nf6 4. Nf3 Nc6 5. Bb5 Bd7 6. d4 exd4 7. Nxd4 Nxd4 8. Bxd7+ Qxd7 9. Qxd4 Be7 10. Bd2 Qc6 11. O-O-O O-O-O 12. Rhe1 Kb8 13. h3 h5 14. Nd5 Qd7 15. Nxe7 Qxe7 16. Bc3 Rhe8 17. Qd3 Nxe4 18. Bxg7 f5 19. Bd4 h4 20. Qf3 Qf7 21. b3 b6 22. Bf2 Qf6 23. Bd4 Qh6 24. Re2 Rg8 25. Rde1 Rg3 26. Qf1 Rdg8 27. Kb2 R3g6 28. Qf3 Rg3 29. Qf1 Qg6 30. a4 Rxg2 31. Rxg2 Qxg2 32. Qc4 Qg6 33. a5 c5 34. Bc3 Rd8 35. Qd5 Nxc3 36. Kxc3 Qg3+ 37. Kb2 Qxe1 38. a6 Qe7 39. Qxf5 Qd7 40. Qd5 Qc8 41. Qg5 Rf8 42. Qg7 Rd8 43. Qe7 Rd7 44. Qe6 Kc7 45. Qc4 d5 46. Qe2 Qf8 47. Qe5+ Rd6 48. Qg5 Qf6+ 0-1


[Site "https://www.chess.com"]

[Event "Titled Tuesday Blitz May 03 Early 2022"]
[White "Rodchenkov, Sergey D."]
[Black "Sailer, Mike"]
[WhiteFideId "4168712"]
[BlackFideId "2012901"]
[WhiteElo "2306"]
[BlackElo "2109"]
[Result "1-0"]
[Round "02"]
[TimeControl "180+1"]
[Date "2022.05.03"]
[WhiteClock "0:00:38"]
[BlackClock "0:00:02"]

1. e4 d5 2. exd5 Qxd5 3. Nc3 Qd6 4. d4 Nf6 5. Nf3 c6 6. g3 Bf5 7. Bf4 Qd8 8. Bg2 e6 9. Nh4 Bg4 10. Nf3 Nbd7 11. h3 Bh5 12. g4 Bg6 13. Nh4 Bb4 14. Nxg6 hxg6 15. O-O Nb6 16. Ne2 Nbd5 17. Bg3 Bd6 18. Qd2 Bxg3 19. fxg3 O-O 20. c4 Nb6 21. b3 e5 22. Rad1 exd4 23. Nxd4 Qc7 24. Qf2 Rae8 25. Rfe1 Nbd7 26. Re2 Rxe2 27. Nxe2 Re8 28. Nf4 Ne4 29. Qd4 Ndf6 30. Rd3 Nxg3 31. Rxg3 Re1+ 32. Kf2 Rc1 33. Re3 Rc2+ 34. Re2 Rxe2+ 35. Nxe2 Qa5 36. a4 Qb4 37. Qc3 Qa3 38. Qe3 Qb2 39. g5 Nh5 40. Qe8+ Kh7 41. Qe3 Qc2 42. Be4 Qd1 43. Bf3 Qc2 44. Bxh5 gxh5 45. Kf3 g6 46. Qe4 Qd2 47. Qe3 Qe1 48. Kg2 Qh4 49. Qf4 Qe1 50. Qxf7+ Kh8 51. Qe8+ Kh7 52. Qe7+ Kh8 53. Qe5+ Kh7 54. Qe3 Qb4 55. Nf4 Qd6 56. Nd3 Qd7 57. Nf2 Qd6 58. Ne4 Qd7 59. Nf6+ 1-0


[Site "https://www.chess.com"]

[Event "Titled Tuesday Blitz May 03 Early 2022"]
[White "Rohith Krishna S"]
[Black "Odegov, Artem"]
[WhiteFideId "46617051"]
[BlackFideId "34183644"]
[WhiteElo "2117"]
[BlackElo "2286"]
[Result "0-1"]
[Round "02"]
[TimeControl "180+1"]
[Date "2022.05.03"]
[WhiteClock "0:00:43"]
[BlackClock "0:00:07"]

1. e4 e6 2. d4 d5 3. e5 c5 4. c3 Qb6 5. Nf3 Nc6 6. Be2 Nge7 7. O-O cxd4 8. cxd4 Nf5 9. Be3 Qxb2 10. Nbd2 Qa3 11. Nb3 Nxe3 12. fxe3 Be7 13. h4 Bd7 14. h5 h6 15. Ne1 Bg5 16. Nc2 Qe7 17. Nc5 b6 18. Na6 O-O 19. a4 Rac8 20. Rf3 Na5 21. Na3 Rc3 22. Nb5 Rxe3 23. Ra3 Bxb5 24. Raxe3 Bxe3+ 25. Rxe3 Bxa6 26. Bxa6 Qb4 27. Bb5 Rc8 28. Qg4 Rc1+ 29. Kh2 Qb1 30. Bd3 Rh1+ 31. Kg3 Qc1 32. Re2 Nc4 33. Qf3 Qg5+ 34. Qg4 Qxg4+ 35. Kxg4 Rc1 36. Ra2 Rc3 37. Bb1 Rb3 38. Ra1 Ra3 39. Rxa3 Nxa3 40. Bd3 Nc4 41. Kf3 Kf8 42. g4 a6 43. Kf4 b5 44. axb5 axb5 45. g5 hxg5+ 46. Kxg5 b4 47. Bc2 Nd2 48. h6 gxh6+ 49. Kxh6 b3 0-1


[Site "https://www.chess.com"]

[Event "Titled Tuesday Blitz May 03 Early 2022"]
[White "Rustemov, Alexander"]
[Black "Suarez Uriel, Adrian"]
[WhiteFideId "4119002"]
[BlackFideId "22230874"]
[WhiteElo "2736"]
[BlackElo "2316"]
[Result "1-0"]
[Round "02"]
[TimeControl "180+1"]
[Date "2022.05.03"]
[WhiteClock "0:00:10"]
[BlackClock "0:00:08"]

1. d4 Nf6 2. c4 g6 3. Nf3 Bg7 4. g3 b6 5. Bg2 Bb7 6. O-O O-O 7. d5 b5 8. Nc3 bxc4 9. e4 e6 10. Bg5 Qc8 11. Qd2 exd5 12. exd5 Na6 13. Bh6 Nc5 14. Bxg7 Kxg7 15. Qd4 d6 16. Nd2 Qf5 17. Nxc4 Rfe8 18. Rad1 Re7 19. b4 Ne4 20. Nxe4 Rxe4 21. Bxe4 Qxe4 22. Qxe4 Nxe4 23. Rfe1 Nc3 24. Rd3 Nxd5 25. a3 Rc8 26. Na5 Ba8 27. Rc1 c5 28. bxc5 dxc5 29. f3 Rc7 30. Kf2 h5 31. Rd2 Kf6 32. Rdc2 Rd7 33. Rxc5 Nb6 34. R1c2 Rd3 35. R5c3 Rd5 36. Nc4 Na4 37. Rb3 Nc5 38. Re3 Nd3+ 39. Ke2 Nc5 40. Nd2 Ne6 41. Ne4+ Kg7 42. Kf2 Rf5 43. Rd2 Bc6 44. Rd6 Bb5 45. h4 a6 46. Ng5 Nxg5 47. hxg5 Rxg5 48. f4 Rc5 49. Re5 Rc3 50. Re3 Rc2+ 51. Ke1 Rg2 52. Rd4 Rh2 53. Rc3 Re2+ 54. Kd1 Ra2 55. Kc1 Kf6 56. Rd2 Rxd2 57. Kxd2 Kf5 58. Ke3 Kg4 59. Kf2 h4 60. gxh4 Kxf4 61. Rc7 f5 62. Rg7 Be8 63. Rg8 Bf7 64. Rg7 Be8 65. Re7 Bb5 66. Re6 g5 67. h5 g4 68. h6 g3+ 69. Kg1 Bc4 70. h7 Bxe6 71. h8=Q Bd5 72. Qd4+ Be4 73. Qb6 Bd3 74. Qd6+ Ke3 75. Qxg3+ Kd2 76. Qf4+ Kc3 77. Qb4+ Kc2 78. Kf2 1-0


[Site "https://www.chess.com"]

[Event "Titled Tuesday Blitz May 03 Early 2022"]
[White "Safarli, Eltaj"]
[Black "Bartel, Michal"]
[WhiteFideId "13402129"]
[BlackFideId "1119257"]
[WhiteElo "2634"]
[BlackElo "2211"]
[Result "1-0"]
[Round "02"]
[TimeControl "180+1"]
[Date "2022.05.03"]
[WhiteClock "0:00:41"]
[BlackClock "0:00:11"]

1. e4 e5 2. Nf3 Nc6 3. Bb5 g6 4. c3 d6 5. d4 Bd7 6. O-O Bg7 7. Re1 Nge7 8. Bg5 h6 9. Bh4 g5 10. Bg3 Ng6 11. Na3 O-O 12. Nc4 Nxd4 13. Nxd4 exd4 14. Bxd7 Qxd7 15. cxd4 f5 16. exf5 Qxf5 17. Rc1 Kh8 18. Ne3 Qf7 19. a4 Rae8 20. Qd3 Nf4 21. Bxf4 Qxf4 22. Rc2 Qxd4 23. Qg6 c5 24. Rce2 Qf6 25. Qh5 Qf7 26. Qg4 Bd4 27. h4 Bxe3 28. fxe3 Qe6 29. Qh5 gxh4 30. Qxh4 Rg8 31. Rf2 Rg4 32. Qh2 Reg8 33. e4 Kh7 34. Re3 Rxe4 35. Rxe4 Qxe4 36. Qxd6 Qe1+ 37. Rf1 Qe3+ 38. Kh1 Rg7 39. Qd5 Qg5 40. Qe4+ Qg6 41. Rf5 b6 42. b3 Rd7 43. Kh2 Rg7 44. Kh1 Rd7 45. Qf3 Rg7 46. Rf6 Qb1+ 47. Kh2 Qc2 48. Qh3 Rg6 49. Qd7+ Rg7 50. Qd5 Rg6 51. Rf8 Rg7 52. Qa8 Qe2 53. Rh8+ Kg6 54. Qc6+ Kg5 55. Qxh6+ Kf5 56. Rf8+ Kg4 57. Qxg7+ Kh5 58. Rh8# 1-0


[Site "https://www.chess.com"]

[Event "Titled Tuesday Blitz May 03 Early 2022"]
[White "Salimova, Nurgyul"]
[Black "Melaugh, Shane"]
[WhiteFideId "2915138"]
[BlackFideId "2509580"]
[WhiteElo "2185"]
[BlackElo "1972"]
[Result "1/2-1/2"]
[Round "02"]
[TimeControl "180+1"]
[Date "2022.05.03"]
[WhiteClock "0:00:13"]
[BlackClock "0:00:17"]

1. d4 e6 2. Nf3 f5 3. g3 Nf6 4. Bg2 Be7 5. O-O O-O 6. c4 d6 7. Nc3 Ne4 8. Qc2 Nxc3 9. bxc3 Nc6 10. e4 e5 11. dxe5 dxe5 12. Rd1 Qe8 13. h3 Qh5 14. exf5 Bxf5 15. Qe2 Bxh3 16. Bxh3 Qxh3 17. Nxe5 Bc5 18. Bf4 Rae8 19. Rd5 Bd6 20. Re1 Ne7 21. Rd3 Ng6 22. Rf3 Bxe5 23. Bxe5 Rxf3 24. Qxf3 Nxe5 25. Qd5+ Qe6 26. Rxe5 Qxd5 27. Rxd5 Re7 28. Rd8+ Kf7 29. Ra8 a6 30. Rb8 b6 31. Ra8 a5 32. c5 Re2 33. cxb6 cxb6 34. a4 Ra2 35. Ra6 Rxa4 36. Rxb6 Rc4 37. Ra6 a4 38. Kg2 Rxc3 39. Rxa4 Rc7 40. Rf4+ Kg8 41. Rg4 Rf7 42. Re4 h6 43. Re3 Kh7 44. g4 Rf6 45. Kg3 Kg6 46. Re4 Rd6 47. Rc4 Rf6 48. Re4 Rf7 49. f3 Rf6 50. Re5 Rf7 51. Re6+ Rf6 52. Re4 h5 53. gxh5+ Kxh5 54. Rh4+ Kg6 55. Rg4+ Kf7 56. Rf4 Rxf4 57. Kxf4 Kf6 58. Kg4 g5 59. f4 gxf4 60. Kxf4 1/2-1/2


[Site "https://www.chess.com"]

[Event "Titled Tuesday Blitz May 03 Early 2022"]
[White "Samant Aditya S"]
[Black "Delorme, Alban"]
[WhiteFideId "35080580"]
[BlackFideId "623636"]
[WhiteElo "1916"]
[BlackElo "2197"]
[Result "1-0"]
[Round "02"]
[TimeControl "180+1"]
[Date "2022.05.03"]
[WhiteClock "0:00:09"]
[BlackClock "0:01:27"]

1. e4 c5 2. Nf3 Nc6 3. d4 cxd4 4. Nxd4 Nf6 5. Nc3 d6 6. Bg5 Bd7 7. Qd2 Rc8 8. Bxf6 gxf6 9. f4 Bg7 10. Nf5 Bxf5 11. exf5 Qa5 12. Bd3 Nd4 13. O-O Bh6 14. Kh1 Nxf5 15. Rf3 Rg8 16. b4 Qxb4 17. Bxf5 Rc4 18. Rb1 Qc5 19. Rxb7 Qxf5 20. Qe2 Qe6 21. Rb8+ Kd7 22. Qxe6+ Kxe6 23. Rxg8 d5 24. Ra8 Bxf4 25. Rxa7 Be5 26. Ra6+ Kd7 27. Nxd5 Rxc2 28. g3 h5 29. Rd3 Rc1+ 30. Kg2 Bd6 31. Nxf6+ Ke6 32. Ne4 Rc2+ 33. Rd2 Rc4 34. Nxd6 exd6 35. Raxd6+ Ke5 36. R6d3 f5 37. Re2+ Kf6 38. Rf3 Kg6 39. Ref2 h4 40. Rxf5 h3+ 41. Kxh3 Ra4 42. R5f4 Ra3 43. Rg4+ Kh7 44. Rf5 Kh6 45. Kh4 Ra5 46. Rxa5 1-0


[Site "https://www.chess.com"]

[Event "Titled Tuesday Blitz May 03 Early 2022"]
[White "Sanchez, Robert"]
[Black "Alekseenko, Kirill"]
[WhiteFideId "2034360"]
[BlackFideId "4135539"]
[WhiteElo "2428"]
[BlackElo "2682"]
[Result "1-0"]
[Round "02"]
[TimeControl "180+1"]
[Date "2022.05.03"]
[WhiteClock "0:00:08"]
[BlackClock "0:00:10"]

1. e4 c5 2. Nf3 Nc6 3. d4 cxd4 4. Nxd4 Nf6 5. Nc3 d6 6. f3 e5 7. Nb3 Be7 8. Be3 O-O 9. Qd2 a5 10. Bb5 Be6 11. O-O-O Qc7 12. Kb1 Na7 13. Bxa7 Rxa7 14. a4 Raa8 15. g4 Nd7 16. Bxd7 Qxd7 17. Nb5 Ra6 18. Nc5 Qc6 19. Nxa6 bxa6 20. Nc3 Rb8 21. Nd5 Bd8 22. Qc3 Qxa4 23. h4 Qd7 24. g5 a4 25. Ka1 Qb5 26. Qa3 Ba5 27. Rd3 Kh8 28. Rb1 Qc6 29. Nc3 Qc4 30. Qxd6 Rg8 31. Qa3 f5 32. gxf6 gxf6 33. Nd5 Qxc2 34. Qe7 Qxd3 35. Qxf6+ Rg7 36. Qxe6 Qb5 37. Nf6 Bd8 38. Rd1 Bxf6 39. Qxf6 h5 40. Rd8+ Kh7 41. Qf5+ Kh6 42. Rd6+ 1-0


[Site "https://www.chess.com"]

[Event "Titled Tuesday Blitz May 03 Early 2022"]
[White "Sarana, Alexey"]
[Black "Korchmar, Vasiliy"]
[WhiteFideId "24133795"]
[BlackFideId "24131750"]
[WhiteElo "2666"]
[BlackElo "2370"]
[Result "1-0"]
[Round "02"]
[TimeControl "180+1"]
[Date "2022.05.03"]
[WhiteClock "0:02:18"]
[BlackClock "0:00:01"]

1. d4 d5 2. c4 c6 3. Nf3 Nf6 4. Nc3 e6 5. g3 dxc4 6. Bg2 b5 7. O-O Nbd7 8. e4 Bb7 9. e5 Nd5 10. Ng5 Be7 11. Qh5 g6 12. Qh6 Bf8 13. Qh3 Nxc3 14. bxc3 Be7 15. Qh6 Bf8 16. Qh3 Be7 17. Ne4 h5 18. a4 a6 19. g4 Qc7 20. Bf4 O-O-O 21. g5 c5 22. axb5 axb5 23. Ra7 Kb8 24. Rfa1 Qb6 25. Nd6 Bxg2 26. Qxg2 Bxd6 27. Qa8# 1-0


[Site "https://www.chess.com"]

[Event "Titled Tuesday Blitz May 03 Early 2022"]
[White "Schmakel, Sam"]
[Black "Richter, Nils"]
[WhiteFideId "2039311"]
[BlackFideId "12990809"]
[WhiteElo "2356"]
[BlackElo "2243"]
[Result "1-0"]
[Round "02"]
[TimeControl "180+1"]
[Date "2022.05.03"]
[WhiteClock "0:00:21"]
[BlackClock "0:01:15"]

1. Nf3 b6 2. g3 Bb7 3. Bg2 Nf6 4. b3 e6 5. Bb2 Be7 6. c4 O-O 7. O-O d5 8. cxd5 exd5 9. d4 Nbd7 10. Nc3 a6 11. Rc1 Bd6 12. a3 Re8 13. b4 b5 14. Nd2 Nb6 15. e3 Rb8 16. Qc2 Qe7 17. Ne2 h5 18. Nb3 h4 19. Nc5 Bc8 20. Nc3 h3 21. Bh1 g6 22. Rce1 Bf5 23. Qc1 Ra8 24. f3 Bd3 25. Nxd3 Nh5 26. f4 c6 27. Ne5 a5 28. Nxc6 Qd7 29. Ne5 Bxe5 30. fxe5 Qg4 31. Bf3 Qg5 32. Nxd5 Nxd5 33. Bxd5 Rad8 34. Bxf7+ Kg7 35. e4 Qg4 36. Qd1 Qg5 37. Bc1 1-0


[Site "https://www.chess.com"]

[Event "Titled Tuesday Blitz May 03 Early 2022"]
[White "Seo, Jung Min"]
[Black "Aaditya Dhingra"]
[WhiteFideId "1734687"]
[BlackFideId "25678191"]
[WhiteElo "2401"]
[BlackElo "1849"]
[Result "1-0"]
[Round "02"]
[TimeControl "180+1"]
[Date "2022.05.03"]
[WhiteClock "0:00:23"]
[BlackClock "0:00:01"]

1. d4 Nf6 2. g3 g6 3. Bg2 Bg7 4. e4 d6 5. Ne2 O-O 6. O-O c5 7. d5 b5 8. Re1 Nbd7 9. a4 bxa4 10. Rxa4 Nb6 11. Ra1 Bb7 12. Nbc3 a6 13. Bf4 Rb8 14. Qd2 Nc4 15. Qc1 Nh5 16. Bg5 f6 17. Bh6 Bxh6 18. Qxh6 Nxb2 19. Bf3 Ng7 20. Nf4 Bc8 21. Be2 Rb4 22. Reb1 Qb6 23. h4 a5 24. Kg2 Qd8 25. Na2 Rb7 26. Nc3 Rb4 27. Ra2 Nc4 28. Rba1 Qb6 29. Nd3 Ne5 30. Nxb4 cxb4 31. Nd1 Qc5 32. Qe3 Qc7 33. Qd2 f5 34. Rxa5 fxe4 35. Ne3 Nf3 36. Qxb4 Nf5 37. Nxf5 Bxf5 38. Qc4 Qd7 39. Ra7 Bh3+ 40. Kh1 Qg4 41. Qc7 Qf5 42. Qxe7 Bg2+ 43. Kxg2 Nxh4+ 44. gxh4 Qxf2+ 45. Kh1 Qxh4+ 46. Qxh4 1-0


[Site "https://www.chess.com"]

[Event "Titled Tuesday Blitz May 03 Early 2022"]
[White "Shimanov, Aleksandr"]
[Black "Barria Zuniga, Daniel"]
[WhiteFideId "4198603"]
[BlackFideId "3400816"]
[WhiteElo "2636"]
[BlackElo "2414"]
[Result "1-0"]
[Round "02"]
[TimeControl "180+1"]
[Date "2022.05.03"]
[WhiteClock "0:00:40"]
[BlackClock "0:00:02"]

1. e4 e6 2. Nf3 d5 3. e5 c5 4. b4 d4 5. bxc5 Bxc5 6. Bd3 Nc6 7. O-O Nge7 8. Re1 h6 9. Ba3 Qa5 10. Bxc5 Qxc5 11. a4 O-O 12. Na3 b6 13. Qe2 Ng6 14. g3 Bb7 15. Nc4 Rad8 16. Be4 Na5 17. Nd6 Bd5 18. Nb5 Bb7 19. Nxa7 Bxe4 20. Qxe4 d3 21. cxd3 Nb3 22. Rab1 Qc2 23. Qc4 Qxc4 24. dxc4 Nxd2 25. Nxd2 Rxd2 26. Rxb6 Ra2 27. c5 Rxa4 28. Nb5 Rc4 29. c6 Rc8 30. c7 Ne7 31. Rb8 Rxc7 32. Rb6 Rc1 33. Rxc1 Rxc1+ 34. Kg2 Nd5 35. Rb8+ Kh7 36. Nd6 Kg6 37. Rb7 f5 38. Ne8 f4 39. g4 1-0


[Site "https://www.chess.com"]

[Event "Titled Tuesday Blitz May 03 Early 2022"]
[White "Shtyka, Sergey"]
[Black "Lohani, Sujana"]
[WhiteFideId "4138465"]
[BlackFideId "12311987"]
[WhiteElo "2014"]
[BlackElo "1691"]
[Result "1-0"]
[Round "02"]
[TimeControl "180+1"]
[Date "2022.05.03"]
[WhiteClock "0:01:38"]
[BlackClock "0:00:38"]

1. e4 e5 2. Nf3 Nc6 3. Nc3 Nf6 4. Bb5 Bb4 5. O-O d6 6. d3 O-O 7. Bg5 h6 8. Bh4 Be6 9. Bxc6 bxc6 10. Ne2 Qe7 11. Ng3 Bd7 12. c3 Bc5 13. Qd2 Qe6 14. Nf5 Nh7 15. a4 a5 16. d4 exd4 17. cxd4 Bb4 18. Qf4 d5 19. Qg3 dxe4 20. Qxg7# 1-0


[Site "https://www.chess.com"]

[Event "Titled Tuesday Blitz May 03 Early 2022"]
[White "Sjugirov, Sanan"]
[Black "Yang, Kaiqi"]
[WhiteFideId "4189302"]
[BlackFideId "8604398"]
[WhiteElo "2602"]
[BlackElo "2373"]
[Result "1-0"]
[Round "02"]
[TimeControl "180+1"]
[Date "2022.05.03"]
[WhiteClock "0:00:12"]
[BlackClock "0:00:02"]

1. e4 e6 2. d4 d5 3. e5 c5 4. c3 Nc6 5. Nf3 Nge7 6. Bd3 cxd4 7. cxd4 Nf5 8. Bc2 Qb6 9. Bxf5 exf5 10. O-O Be6 11. Nc3 h6 12. a3 Be7 13. b4 O-O 14. Be3 Rac8 15. Na4 Qd8 16. Nc5 b6 17. Nd3 g5 18. g3 Qd7 19. Nfe1 a5 20. b5 Na7 21. a4 Rc4 22. Ng2 Kg7 23. h4 Rh8 24. Ra2 Nc8 25. f4 g4 26. Bf2 h5 27. Ne3 Na7 28. Nb2 Rc7 29. Ra1 Rhc8 30. Qe2 Bb4 31. Rfb1 Bc3 32. Rd1 Bxb2 33. Qxb2 Rc3 34. Rac1 Rxc1 35. Rxc1 Rxc1+ 36. Qxc1 Qc8 37. Qxc8 Nxc8 38. Kf1 Kf8 39. Be1 Ke7 40. Bc3 Kd7 41. Bb2 Ne7 42. Ba3 Nc8 43. Ke2 Ne7 44. Kd3 Nc8 45. Kc3 Ne7 46. Bd6 Nc8 47. Bf8 Ne7 48. Nd1 Nc8 49. Nf2 Ne7 50. Nd3 Nc8 51. Nc1 Ne7 52. Nb3 Nc8 53. Bg7 Ne7 54. Bf6 Nc8 55. Nc1 Na7 56. Kd2 Nc8 57. Ne2 Ke8 58. Nc3 Na7 59. Ne2 Nc8 60. Nc1 Na7 61. Nb3 Kd7 62. Kc3 Nc8 63. Bg7 Na7 64. Bf8 Nc8 65. Nc1 Na7 66. Nd3 Nc8 67. Kd2 Na7 68. Bd6 Nc8 69. Bb8 Kd8 70. Nc1 Kd7 71. Nb3 Kd8 72. Kc3 Kd7 73. Nc1 Kd8 74. Bd6 Kd7 75. Ba3 Kd8 76. Bb2 Kd7 77. Kc2 Na7 78. Nb3 Nc8 79. Bc3 Na7 80. Nxa5 bxa5 81. Bxa5 Kc8 82. Kc3 Kb7 83. Kb4 Nc8 84. Bd8 Na7 85. a5 Nc8 86. a6+ Ka7 87. Ka5 Bd7 88. b6+ Kb8 89. Bc7+ Ka8 90. b7+ Ka7 91. b8=Q# 1-0


[Site "https://www.chess.com"]

[Event "Titled Tuesday Blitz May 03 Early 2022"]
[White "Skliarov, Viktor"]
[Black "Kozak, Adam"]
[WhiteFideId "14106736"]
[BlackFideId "753246"]
[WhiteElo "2229"]
[BlackElo "2459"]
[Result "0-1"]
[Round "02"]
[TimeControl "180+1"]
[Date "2022.05.03"]
[WhiteClock "0:00:06"]
[BlackClock "0:00:39"]

1. e4 c5 2. Nf3 a6 3. c3 d5 4. exd5 Qxd5 5. Na3 b5 6. d4 e6 7. Nc2 Nf6 8. Ne3 Qe4 9. Bd3 Qb7 10. a4 c4 11. Bc2 Nbd7 12. O-O Nb6 13. Ne5 Be7 14. f4 g6 15. N3g4 Bd7 16. Nxf6+ Bxf6 17. Nxd7 Qxd7 18. Be4 Rb8 19. axb5 axb5 20. Qf3 O-O 21. Bd2 b4 22. Ra6 Nc8 23. f5 Nd6 24. fxe6 fxe6 25. Bc6 Qc7 26. Qg3 Qf7 27. Rf3 Nf5 28. Qg4 bxc3 29. bxc3 Rb1+ 30. Kf2 Rb2 31. Ke2 Qe7 32. Be4 Bg5 33. Rf4 Bxf4 34. Qxf4 Nxd4+ 0-1


[Site "https://www.chess.com"]

[Event "Titled Tuesday Blitz May 03 Early 2022"]
[White "Sokolovsky, Yahli"]
[Black "Popadic, Dragan"]
[WhiteFideId "2820242"]
[BlackFideId "913650"]
[WhiteElo "1770"]
[BlackElo "2203"]
[Result "1-0"]
[Round "02"]
[TimeControl "180+1"]
[Date "2022.05.03"]
[WhiteClock "0:00:07"]
[BlackClock "0:00:20"]

1. b3 e5 2. Bb2 d6 3. e3 Nf6 4. d4 exd4 5. exd4 Be7 6. Nf3 O-O 7. d5 Bf5 8. Be2 Nbd7 9. O-O Ne8 10. Nbd2 Bf6 11. Nd4 Bg6 12. c4 Nc5 13. N2f3 a5 14. Re1 Qd7 15. a3 a4 16. b4 Nb3 17. Ra2 Nxd4 18. Nxd4 c5 19. dxc6 bxc6 20. Bf3 Ra6 21. b5 cxb5 22. cxb5 Rb6 23. Bc6 Qd8 24. Qxa4 Nc7 25. Qa7 Rb8 26. a4 Ne6 27. Nxe6 fxe6 28. Qe3 e5 29. Bd5+ Kh8 30. Bc1 h6 31. Bd2 Bg5 32. Qe2 Bf6 33. Be3 Bh4 34. a5 Qe8 35. Bc6 Qf7 36. a6 Bh5 37. Qd2 d5 38. a7 Ra8 39. Bxa8 Rxa8 40. b6 d4 41. Rb2 Qb7 42. Bxd4 exd4 43. Qb4 Bf6 44. Qc5 d3 45. Rd2 Bg6 46. Qc7 Qxc7 47. bxc7 Bc3 48. Rc1 Bxd2 49. c8=Q+ Rxc8 50. Rxc8+ Kh7 51. a8=Q Bf5 52. Rh8+ Kg6 53. Qe8+ Kg5 54. Qe7+ Kg6 55. Qd6+ Kg5 56. h4+ Kxh4 57. Rf8 g6 58. Rxf5 gxf5 59. Qxd3 Bf4 60. g3+ 1-0


[Site "https://www.chess.com"]

[Event "Titled Tuesday Blitz May 03 Early 2022"]
[White "Souleidis, Georgios"]
[Black "Paravyan, David"]
[WhiteFideId "4206827"]
[BlackFideId "4194985"]
[WhiteElo "2401"]
[BlackElo "2569"]
[Result "0-1"]
[Round "02"]
[TimeControl "180+1"]
[Date "2022.05.03"]
[WhiteClock "0:00:05"]
[BlackClock "0:01:03"]

1. e4 e5 2. Nf3 Nf6 3. Nxe5 d6 4. Nf3 Nxe4 5. d3 Nf6 6. d4 g6 7. Bd3 Bg7 8. O-O O-O 9. h3 b6 10. c4 Bb7 11. Nc3 d5 12. Bg5 dxc4 13. Bxc4 h6 14. Bh4 Nc6 15. a3 Ne7 16. Ne5 g5 17. Bg3 Nf5 18. Nxf7 Rxf7 19. Qb3 Qf8 20. Rad1 Nh5 21. Be5 Nf4 22. f3 Ne3 23. Bxf7+ Qxf7 24. Qxf7+ Kxf7 25. Bxg7 Kxg7 26. Rfe1 Nxd1 27. Nxd1 Kf7 28. Nc3 Rd8 29. Rd1 Nd5 30. Nb5 a6 31. Nc3 Nxc3 32. bxc3 Bd5 0-1


[Site "https://www.chess.com"]